 Dungeon Crawl Stone Soup version 0.32-a0-665-g3d30ec2550 (webtiles) character file.

Game seed: 4693744691772490275

13864 Dreamthief the Carver (level 12, -5/94 HPs)
             Began as a Coglin Warper on Mar 9, 2024.
             Was a High Priest of Okawaru.
             Slain by an elephant (13 damage)
             ... on level 1 of the Lair of Beasts.
             The game lasted 00:18:27 (12182 turns).

Dreamthief the Carver (Coglin Warper)              Turns: 12182, Time: 00:18:28

Health: -5/94      AC:  7    Str: 11    XL:     12   Next: 10%
Magic:  25/27      EV: 16    Int: 13    God:    Okawaru [*****.]
Gold:   714        SH:  0    Dex: 22    Spells: 13/19 levels left

rFire   + . .        p - +3 scimitar of Certain Death {pain, rF+ MP+9 Dex+3}
rCold   . . .        M - +3 falchion (freeze) {Belessunu}
rNeg    . . .        c - +3 leather armour
rPois   .            (no helmet)
rElec   .            (no cloak)
rCorr   .            v - +0 pair of gloves
SInv    .            (no boots)
Will    .....        (amulet unavailable)
Stlth   ++           (ring unavailable)
HPRegen 0.35/turn    (ring unavailable)
MPRegen 0.20/turn    (no gizmo)

%: no passive effects
@: weakened, revved
A: off-hand wielding, slow wielding, warmup strikes, no jewellery
a: Invent Gizmo, Renounce Religion, Heroism, Finesse, Duel


You were on level 1 of the Lair of Beasts.
You worshipped Okawaru.
Okawaru was extremely pleased with you.
You visited 3 branches of the dungeon, and saw 12 of its levels.
You also visited: Bailey.

You collected 732 gold pieces.
You spent 18 gold pieces at shops.

Inventory:

Hand Weapons
 p - the +3 scimitar of Certain Death (weapon) {pain, rF+ MP+9 Dex+3}
   (You took it off a spriggan in a bailey)

   Dex+3:     It affects your dexterity (+3).
   rF+:       It protects you from fire.
   MP+9:      It affects your magic capacity (+9).
 r - a +0 dagger of electrocution {Etsuko}
 u - a +2 dagger of flaming {Jia}
 M - a +3 falchion of freezing (offhand) {Belessunu}
Missiles
 d - 7 darts of dispersal
 m - 11 poisoned darts
 F - 4 throwing nets
Armour
 c - a +3 leather armour (worn)
 v - a +0 pair of gloves (worn)
 x - +0 steam dragon scales
 K - a +0 cloak
Wands
 e - a wand of polymorph (11)
 i - a wand of iceblast (6)
 L - a wand of mindburst (7)
Scrolls
 a - 3 scrolls of enchant weapon
 g - 4 scrolls of teleportation {@r3}
 h - 3 scrolls of fear
 k - 6 scrolls of immolation
 o - 2 scrolls of vulnerability {!r}
 q - 3 scrolls of blinking {@r4}
 s - a scroll of noise
 t - 2 scrolls of silence {!r}
 y - 2 scrolls of enchant armour
 A - 2 scrolls of revelation {@r5}
 C - a scroll of amnesia
 G - 3 scrolls of identify {@r1}
Potions
 b - a potion of curing {@q2}
 f - 3 potions of berserk rage {unknown}
 j - 4 potions of resistance {unknown}
 l - 3 potions of mutation {unknown}
 n - 2 potions of degeneration {unknown}
 w - 2 potions of cancellation {unknown}
 z - 2 potions of heal wounds {unknown}
 B - a potion of invisibility {unknown}
 D - a potion of brilliance {unknown}
 E - 2 potions of magic {unknown}
 H - a potion of might {unknown}
 I - 2 potions of lignification {unknown}
 J - a potion of enlightenment {unknown}


   Skills:
 + Level 8.5 Fighting
 * Level 12.5 Long Blades
 - Level 0.8 Throwing
 - Level 0.8 Armour
 + Level 6.4 Dodging
 - Level 4.0 Spellcasting
 - Level 8.0 Translocations
 * Level 4.7 Invocations


You had 13 spell levels left.
You knew the following spells:

 Your Spells              Type           Power      Damage    Failure   Level
b - Blink                 Tloc           46%        N/A       1%          2
m - Manifold Assault      Tloc           23%        N/A       10%         4

Your spell library contained the following spells:

 Spells                   Type           Power      Damage    Failure   Level
 Lesser Beckoning         Tloc           46%        N/A       1%          2
 Teleport Other           Tloc           23%        N/A       3%          3
 Ensorcelled Hibernation  Hex/Ice        4%         N/A       38%         2
 Vhi's Electric Charge    Tloc/Air       26%        N/A       45%         4
 Frozen Ramparts          Ice            4%         1d1       63%         3
 Fugue of the Fallen      Necr           2%         N/A       63%         3
 Inner Flame              Hex/Fire       2%         N/A       63%         3
 Anguish                  Hex/Necr       1%         N/A       95%         4
 Leda's Liquefaction      Alch/Erth      1%         N/A       95%         4
 Petrify                  Alch/Erth      2%         N/A       95%         4
 Irradiate                Conj/Alch      1%         3d12      100%        5
 Metabolic Englaciation   Hex/Ice        1%         N/A       100%        5
 Ignition                 Fire           1%         3d3       100%        8


Dungeon Overview and Level Annotations

Branches:
Dungeon (10/15)            Temple (1/1) D:4            Lair (1/5) D:8
    Orc (0/2) D:10         Bailey (visited)

Altars:
Ashenzari
Cheibriados
Dithmenos
Elyvilon
Fedhas
Gozag
Hepliaklqana
Kikubaaqudgha
Makhleb
Nemelex Xobeh
Okawaru
Qazlal
Ru
Sif Muna
Trog
Uskayaw
Vehumet
Wu Jian
Xom
Yredelemnul
Zin
The Shining One

Shops:
D:3 :   D:8 *

Annotations:
D:3 1 runed translucent door, Crazy Yiuf


Innate Abilities, Weirdness & Mutations

You can wield a second weapon in your off-hand.
It takes a long time for you to wield or remove held weapons.
Your first few attacks do less damage.
You cannot equip rings or amulets.


Message History

The elephant is moderately wounded.
You slash the elephant with the +3 scimitar of Certain Death!
The elephant tramples you but does no damage.
The elephant barely misses you. The elephant tramples you.
* * * LOW HITPOINT WARNING * * *
You hold your ground!
The elephant trunk-slaps you but does no damage.
You hit the elephant with the +3 scimitar of Certain Death.
The elephant is heavily wounded.
You hit the elephant but do no damage. You hit the elephant but do no damage.
The elephant is heavily wounded.
You hit the elephant with the +3 scimitar of Certain Death.
The elephant closely misses you. The elephant trunk-slaps you.
* * * LOW HITPOINT WARNING * * *
The elephant completely misses you. The elephant barely misses you.
You slash the elephant with your +3 falchion of freezing!
You freeze the elephant.
The elephant is severely wounded.
You hit the elephant but do no damage. The elephant tramples you.
* * * LOW HITPOINT WARNING * * *
You hold your ground!
The elephant trunk-slaps you but does no damage.
The elephant tramples you.
* * * LOW HITPOINT WARNING * * *
You hold your ground!
The elephant trunk-slaps you.
* * * LOW HITPOINT WARNING * * *
You hit the elephant with your +3 falchion of freezing.
You freeze the elephant.
The elephant is almost dead.
You completely miss the elephant with the +3 scimitar of Certain Death.
You hit the elephant with the +3 scimitar of Certain Death.
The elephant is almost dead.
You hit the elephant with your +3 falchion of freezing.
You freeze the elephant. The elephant tramples you!
* * * LOW HITPOINT WARNING * * *
You hold your ground!
The elephant trunk-slaps you but does no damage.
The elephant tramples you!
You die...

#...##.
......#
#.....
.....#
#.... ..$.#
...#...#
#....# #..#
##)# #Y##
#@Y# ##.#
#.## #..#
#..##
##..##
####...###
#........#
#........##
#


You could see 2 elephants.

Vanquished Creatures
  3 two-headed ogres
  Amaemon (Lair:1)
  A manticore (D:10)
  Maurice (D:8)
  3 elephants
  An orange demon (Lair:1)
  Jeremiah (D:8)
  A kobold demonologist (D:8)
  A komodo dragon (Lair:1)
  5 trolls
  Prince Ribbit (D:6)
  A hornet (D:9)
  4 spriggans (Bailey)
  2 basilisks
  11 yaks
  2 wyverns (D:8)
  2 wraiths (D:10)
  A steam dragon (Bailey)
  A water moccasin (D:9)
  7 orc warriors
  2 sky beasts
  A black bear (D:8)
  5 ogres
  6 wolves (Lair:1)
  4 centaurs
  A phantom (D:5)
  A kobold brigand (D:10)
  5 bullfrogs
  A scorpion (D:5)
  6 wights
  A howler monkey (D:6)
  A bombardier beetle (D:4)
  A gnoll bouda (D:7)
  A jelly (D:6)
  6 orc priests
  7 hounds
  A sleepcap (D:5)
  3 iguanas
  6 orc wizards
  Ijyb (D:3)
  9 gnolls
  2 adders
  A shadow imp (D:5)
  2 white imps
  A ribbon worm (D:2)
  6 dart slugs
  23 orcs
  2 endoplasms
  8 giant cockroaches
  10 goblins
  2 hobgoblins
  7 jackals (D:1)
  4 quokkas
  4 ball pythons
  3 bats
  5 frilled lizards
  14 kobolds
  7 rats
220 creatures vanquished.

Notes
Turn   | Place    | Note
-------+----------+-------------------------------------------
     0 | D:1      | Dreamthief the Coglin Warper began the quest for the Orb.
     0 | D:1      | Reached XP level 1. HP: 16/16 MP: 3/3
    47 | D:1      | Reached XP level 2. HP: 15/22 MP: 4/4
   157 | D:1      | Reached skill level 3 in Long Blades
   160 | D:1      | Reached XP level 3. HP: 11/28 MP: 5/5
   165 | D:1      | HP: 1/28 [jackal (1)]
   671 | D:2      | Found a faded altar of an unknown god.
  1085 | D:2      | Reached XP level 4. HP: 31/34 MP: 6/6
  1488 | D:2      | Reached skill level 4 in Long Blades
  1837 | D:3      | Reached XP level 5. HP: 31/41 MP: 7/7
  1911 | D:3      | Noticed Ijyb
  1932 | D:3      | Killed Ijyb
  2084 | D:3      | Found a runed translucent door.
  2085 | D:3      | Noticed Crazy Yiuf
  2200 | D:3      | Found Noatroav's Book Shoppe.
  2598 | D:4      | Reached skill level 5 in Long Blades
  2598 | D:4      | Reached XP level 6. HP: 41/48 MP: 8/8
  2730 | D:4      | Found a sacrificial altar of Ru.
  2899 | D:4      | Found a staircase to the Ecumenical Temple.
  2929 | Temple   | Entered the Ecumenical Temple
  2935 | Temple   | Became a worshipper of Warmaster Okawaru
  3395 | D:5      | Entered Level 5 of the Dungeon
  3428 | D:5      | Reached skill level 6 in Long Blades
  3483 | D:5      | Reached XP level 7. HP: 47/55 MP: 9/9
  3663 | D:5      | Reached skill level 5 in Fighting
  3737 | D:5      | Reached * piety under Okawaru
  3738 | D:5      | Reached skill level 7 in Long Blades
  3813 | D:5      | Found a hazy altar of Hepliaklqana.
  3821 | D:5      | Found a blossoming altar of Fedhas.
  3961 | D:5      | Reached XP level 8. HP: 42/62 MP: 10/10
  4167 | D:6      | Reached skill level 8 in Long Blades
  4318 | D:6      | Learned a level 2 spell: Blink
  4323 | D:6      | Learned a level 4 spell: Manifold Assault
  4338 | D:6      | Noticed Prince Ribbit
  4348 | D:6      | Killed Prince Ribbit
  4711 | D:6      | Reached ** piety under Okawaru
  4993 | D:7      | Found a flagged portal.
  5003 | Bailey   | Entered a bailey
  5021 | Bailey   | Reached skill level 5 in Translocations
  5032 | Bailey   | Reached XP level 9. HP: 11/68 MP: 15/15
  5173 | Bailey   | Identified the +3 scimitar of Certain Death {pain, rF+ MP+9
                  | Dex+3}
  5213 | Bailey   | Reached *** piety under Okawaru
  5372 | Bailey   | Noticed a two-headed ogre
  5383 | Bailey   | Killed a two-headed ogre
  5660 | D:7      | Reached **** piety under Okawaru
  5670 | D:7      | Reached skill level 9 in Long Blades
  5938 | D:7      | Reached XP level 10. HP: 76/76 MP: 12/16
  6260 | D:7      | You fall into a shaft and drop 2 floors!
  6622 | D:8      | Found a staircase to the Lair.
  6623 | D:8      | Noticed an elephant
  7386 | D:7      | Found a glowing golden altar of the Shining One.
  7608 | D:8      | Killed an elephant
  7608 | D:8      | Noticed a two-headed ogre
  7609 | D:8      | Reached skill level 10 in Long Blades
  7802 | D:8      | Found Huzuppicw's Assorted Antiques.
  7809 | D:8      | Bought a blue potion for 18 gold pieces
  7944 | D:8      | Noticed Jeremiah
  7973 | D:8      | Killed Jeremiah
  8267 | D:8      | Noticed Maurice
  8274 | D:8      | Something stole 4 throwing nets
  8276 | D:8      | Killed Maurice
  8391 | D:8      | Noticed a kobold demonologist
  8395 | D:8      | Noticed an orange demon
  8397 | D:8      | Killed a kobold demonologist
  8397 | D:8      | Reached ***** piety under Okawaru
  8454 | D:8      | Killed a two-headed ogre
  8455 | D:8      | Reached skill level 11 in Long Blades
  8455 | D:8      | Reached skill level 5 in Dodging
  8455 | D:8      | Reached XP level 11. HP: 84/84 MP: 4/17
  8862 | D:9      | Reached skill level 1 in Invocations
  9361 | D:9      | Noticed a two-headed ogre
  9366 | D:9      | Killed a two-headed ogre
 10298 | D:10     | Entered Level 10 of the Dungeon
 10464 | D:10     | Received a gift from Okawaru
 10635 | D:10     | Noticed a manticore
 10647 | D:10     | Killed a manticore
 10907 | D:10     | Found a staircase to the Orcish Mines.
 10987 | D:10     | Reached skill level 12 in Long Blades
 11385 | D:10     | Found a transporter.
 11437 | D:10     | Found a transporter.
 11922 | Lair:1   | Entered Level 1 of the Lair of Beasts
 12140 | Lair:1   | Noticed Amaemon
 12148 | Lair:1   | Killed Amaemon
 12152 | Lair:1   | Received a gift from Okawaru
 12159 | Lair:1   | Reached XP level 12. HP: 72/94 MP: 18/18
 12182 | Lair:1   | Slain by an elephant

Illustrated notes

Levels and vault maps discovered:
D:1:      wander_arrival_chamber, layout_rooms, kennysheep_decorative_pillar
D:2:      layout_basic, hellmonk_ecumenical_altar_heavens_door
D:3:      layout_basic, serial_shops, nicolae_shop_tiny_glass, uniq_ijyb,
          uniq_crazy_yiuf_cottage
D:4:      layout_basic, nicolae_ru_awakened_eye,
          minmay_temple_entry_statues_pillars
D:5:      layout_rooms, amethyst_overflow_temple_binary
D:6:      layout_rooms, uniq_prince_ribbit1
D:7:      layout_cave_pods, nicolae_tso_swordbearing_angel, enter_bailey_2
D:8:      layout_loops_ring, david_lair_generic, serial_shops, shop,
          nicolae_concentric_dashed_squares_wild, fungi_pond_lemuel,
          uniq_jeremiah, uniq_maurice
D:9:      lemuel_troll_bridge, layout_basic
D:10:     layout_stronghold, david_orc_3, nicolae_diode_stairs
Temple:   eino_narrow_crystal_temple
Lair:1:   layout_cave_pods, amcnicky_mini_pool_medium, uniq_amaemon,
          uniq_joseph, uniq_sonja

Skill      XL: |  1  2  3  4  5  6  7  8  9 10 11 |
---------------+----------------------------------+-----
Long Blades    | 3 4 5 6 7 8 9 11 12 | 12.5
Fighting       | 3 4 5 7 8 |  8.5
Spellcasting   | 4 |  4.0
Translocations | 5 8 |  8.0
Dodging        | 3 5 6 |  6.4
Invocations    | 4 |  4.7
Throwing       | |  0.8
Armour         | |  0.8

Action                     |  1- 3 |  4- 6 |  7- 9 | 10-12 || total
---------------------------+-------+-------+-------+-------++-------
  Melee: Dagger            |    89 |   169 |   225 |   175 ||   658
         Falchion          |    90 |    93 |       |   129 ||   312
         Scimitar          |       |       |    27 |   309 ||   336
   Cast: Manifold Assault  |       |       |    12 |   120 ||   132
  Evoke: Wand              |       |    10 |    17 |    13 ||    40
    Use: Scroll            |       |     1 |     7 |     4 ||    12
         Potion            |       |       |     1 |       ||     1
   Stab: Paralysed         |       |       |     8 |       ||     8
 Armour: Leather armour    |    78 |    36 |    96 |   100 ||   310
         Ring mail         |       |    40 |       |       ||    40
  Dodge: Dodged            |    49 |    70 |    56 |    94 ||   269

Table legend: (Time is in decaauts)
 A = Elapsed time spent in this place.
 B = Non-inter-level travel time spent in this place.
 C = Inter-level travel time spent in this place.
 D = Time resting spent in this place.
 E = Time spent auto-exploring this place.
 F = Levels seen in this place.
 G = Mean time per level.
                   A        B        C        D        E       F      G
               +--------+--------+--------+--------+--------+-----+--------+
         Total |  12115 |  11512 |    603 |   1548 |   8477 |  13 |  931.9 |
       Dungeon |  11151 |  10558 |    593 |   1192 |   8052 |  10 | 1115.1 |
        Temple |    132 |    122 |     10 |    100 |      0 |   1 |  132.0 |
          Lair |    249 |    249 |      0 |      0 |    205 |   1 |  249.0 |
        Bailey |    582 |    582 |      0 |    256 |    219 |   1 |  582.0 |
               +--------+--------+--------+--------+--------+-----+--------+

Top non-repeatable levels by time:
     D:9: 2166 daAuts
     D:7: 1588 daAuts
     D:8: 1315 daAuts
    D:10: 1247 daAuts
     D:2: 1119 daAuts
     D:6: 921 daAuts
     D:3: 895 daAuts
     D:4: 675 daAuts
     D:5: 652 daAuts
  Bailey: 582 daAuts
     D:1: 569 daAuts
  Lair:1: 249 daAuts
  Temple: 132 daAuts
